Map: Emerald City LE

Players

lIIIllIIIIIl - Winner!

  • Race: Zerg Zerg
  • League: Master
  • Spawn Location: 5:00

victor - Winner!

  • Race: Zerg Zerg
  • League: Gold
  • Spawn Location: 5:00

Massa

  • Race: Terran Terran
  • League: Gold
  • Spawn Location: 11:00

qqq

  • Race: Zerg Zerg
  • League: Platinum
  • Spawn Location: 11:00

VOD

Have the link to the VOD?

Description

Time

  • Played on: June 3, 2020, 12:34 p.m.
  • Length: 13:27
Show
View Real Time Build Order
Export as new Build Order

lIIIllIIIIIl Zerg - Winner!

Build Orders: Hatch First, Lurkers 

Get SALT Encoding   

  12  0:00  Drone  
  13  0:15  Overlord  
  13  0:17  Drone  
  14  0:33  Drone x2  
  16  0:37  Drone  
  17  0:58  Hatchery  
  17  1:00  Drone  
  17  1:03  Drone  
  18  1:14  Extractor  
  18  1:17  Spawning Pool  
  16  1:21  Drone  
  16  1:24  Drone  
  18  1:30  Drone  
  19  1:47  Drone  
  19  1:52  Overlord  
  20  2:04  Zergling x2  
  21  2:09  Queen x2  
  21  2:10  Zergling x2  
  21  2:15  Metabolic Boost  
  26  2:17  Drone  
  26  2:21  Drone  
  28  2:30  Drone  
  28  2:31  Drone  
  30  2:44  Hatchery  
  29  2:56  Drone x4  
  33  3:00  Overlord  
  33  3:06  Baneling Nest  
  32  3:27  Zergling x6  
  32  3:32  Drone x5, Overlord  
  40  3:50  Drone x2  
  40  3:52  Overlord  
  42  4:01  Drone  
  42  4:02  Drone x5  
  48  4:10  Overlord  
  48  4:11  Lair  
  48  4:14  Extractor  
  48  4:15  Drone x3, Extractor  
  48  4:16  Drone  
  50  4:21  Queen  
  50  4:23  Queen  
  54  4:32  Spore Crawler  
  54  4:33  Spore Crawler  
  54  4:34  Drone x3  
  54  4:37  Overlord  
  55  4:42  Zergling x6  
  55  4:45  Zergling x4  
  60  4:57  Zergling x12  
  66  5:04  Drone x2  
  68  5:11  Centrifical Hooks, Hydralisk Den  
  68  5:13  Evolution Chamber  
  66  5:29  Overlord  
  66  5:31  Drone x2  
  66  5:32  Drone x3  
  66  5:33  Extractor  
  70  5:37  Baneling x3  
  70  5:38  Overlord  
  70  5:39  Overlord  
  70  5:41  Hydralisk, Grooved Spines  
  72  5:43  Hydralisk  
  74  5:50  Drone x4  
  78  5:58  Baneling x5  
  78  6:00  Drone x4  
  82  6:05  Zerg Melee Weapons Level 1  
  82  6:08  Drone  
  82  6:09  Evolution Chamber  
  82  6:11  Baneling x5  
  82  6:19  Drone x5  
  87  6:27  Hydralisk x3  
  93  6:33  Extractor  
  93  6:34  Drone x3  
  93  6:35  Drone x2, Extractor  
  93  6:36  Drone  
  97  6:51  Hatchery, Overlord  
  97  6:52  Overlord, Muscular Augments  
  83  7:08  Hydralisk x3  
  79  7:09  Zergling x20  
  93  7:22  Hydralisk  
  95  7:23  Zergling x6  
  94  7:42  Lurker Den  
  92  7:47  Zergling x18  
  95  8:06  Pneumatized Carapace  
  95  8:07  Zerg Missile Weapons Level 1, Zerg Melee Weapons Level 2  
  95  8:10  Drone x4  
  95  8:12  Hydralisk x3  
  98  8:41  Drone x17  
  114  8:44  Lurker x9  
  114  8:48  Infestation Pit, Overlord  
  122  8:52  Queen  
  123  9:01  Extractor x2  
  121  9:12  Hatchery  
  120  9:17  Hydralisk x7  
  120  9:18  Zergling x2  
  120  9:22  Zergling x6  
  120  9:23  Overlord x4  
  118  9:39  Hydralisk x10  
  118  9:40  Zergling x2  
  118  9:41  Zergling x6  
  136  10:01  Drone x2  
  136  10:02  Drone x2  
  136  10:03  Overlord x3  
  136  10:05  Drone  
  141  10:07  Hive  
  141  10:08  Zerg Missile Weapons Level 2  
  141  10:12  Zergling x16  
  149  10:15  Lurker x6  
  149  10:19  Nydus Network  
  149  10:21  Spire  
  154  10:24  Hydralisk x2  
  154  10:25  Zergling x10  
  154  10:26  Zergling x2  
  159  10:47  Hydralisk x10  
  159  10:48  Zergling x4  
  159  10:49  Zergling x2  
  178  10:50  Overlord  
  177  11:19  Adaptive Talons  
  177  11:24  Adrenal Glands  
  177  11:50  Greater Spire, Corruptor x4  
  177  11:51  Corruptor  
  177  11:53  Corruptor  
  189  12:10  Baneling x8  
  189  12:16  Seismic Spines  
  189  12:26  Extractor  
  189  12:28  Extractor  
  165  13:06  Zergling x2  
  165  13:07  Zergling x32  
Show
View Real Time Build Order
Export as new Build Order

victor Zerg - Winner!

Build Orders: Hatch First 

Get SALT Encoding   

  12  0:04  Drone  
  13  0:13  Overlord  
  13  0:18  Drone  
  14  0:43  Hatchery  
  13  0:51  Extractor  
  12  1:03  Spawning Pool  
  11  1:06  Drone  
  11  1:10  Drone  
  13  1:15  Drone  
  14  1:36  Drone x2  
  16  2:09  Queen  
  16  2:10  Roach Warren, Queen  
  16  2:11  Drone  
  20  2:23  Drone  
  20  2:26  Drone  
  20  2:28  Drone  
  23  2:36  Drone x3  
  26  2:47  Drone x2  
  26  2:50  Overlord  
  28  3:01  Lair  
  28  3:19  Hatchery  
  27  3:48  Roach x4  
  33  3:49  Overlord x2  
  33  3:50  Drone  
  36  4:12  Drone x4  
  36  4:13  Drone x3  
  36  4:14  Drone  
  44  4:27  Glial Reconstitution  
  44  4:36  Evolution Chamber  
  43  4:40  Evolution Chamber  
  42  4:54  Roach x4  
  42  4:56  Overlord x3  
  42  4:57  Drone x5  
  42  4:58  Drone  
  56  5:02  Drone x2  
  58  5:07  Extractor  
  58  5:08  Extractor  
  56  5:25  Queen  
  58  5:28  Queen  
  60  5:36  Drone x6  
  60  5:38  Drone  
  60  5:39  Roach x4  
  75  5:46  Zerg Missile Weapons Level 1  
  75  5:49  Zerg Ground Armor Level 1  
  75  6:09  Drone x3  
  75  6:10  Overlord  
  75  6:11  Overlord x2  
  78  6:12  Roach x2  
  78  6:13  Overlord  
  54  7:23  Roach x5  
  54  7:24  Roach x7  
  54  7:25  Roach x6  
  54  7:26  Roach x3  
  88  7:52  Ravager x6  
  88  8:46  Drone x7  
  88  8:47  Drone x2  
  88  8:48  Overlord x4  
  97  8:59  Zerg Ground Armor Level 2, Zerg Missile Weapons Level 2  
  97  9:05  Queen  
  63  10:34  Roach x4  
  63  10:35  Roach x6  
  77  10:36  Roach x7  
  77  10:37  Roach x5  
  77  10:38  Roach x5  
  111  10:51  Extractor  
  111  10:53  Extractor  
  109  11:01  Hatchery  
  108  11:13  Ravager x2  
  108  11:14  Ravager x4  
  108  11:17  Ravager x2  
  115  12:03  Roach x6  
  115  12:04  Roach  
  115  12:05  Overlord x4  
Show
View Real Time Build Order
Export as new Build Order

Massa Terran 

Build Orders: 2 Factory 

Get SALT Encoding   

  12  0:11  Supply Depot  
  12  0:13  SCV  
  13  0:25  SCV  
  14  0:37  SCV, Barracks  
  16  0:50  Refinery, SCV  
  16  1:02  SCV  
  17  1:13  Supply Depot  
  17  1:14  SCV  
  18  1:26  SCV  
  19  1:37  Marine  
  20  1:45  Orbital Command  
  20  1:46  Refinery  
  20  1:55  Marine  
  21  2:15  Factory  
  21  2:26  Marine  
  22  2:32  SCV, Command Center  
  23  2:44  SCV  
  24  2:56  Factory  
  24  2:57  SCV  
  25  3:05  Factory Reactor  
  25  3:09  SCV  
  26  3:21  SCV  
  26  3:22  Engineering Bay  
  27  3:33  SCV  
  28  3:36  Barracks Tech Lab  
  30  3:47  Hellion x2  
  31  3:48  Factory Tech Lab  
  31  3:57  Terran Infantry Weapons Level 1  
  31  4:05  Missile Turret  
  31  4:09  Hellion x2  
  35  4:19  Orbital Command  
  35  4:25  Missile Turret  
  35  4:26  Missile Turret  
  35  4:27  Siege Tank  
  35  4:30  Hellion x2  
  42  4:45  Marine  
  43  4:46  Missile Turret  
  43  4:51  Widow Mine x2  
  45  5:02  SCV  
  46  5:07  Missile Turret  
  46  5:15  Supply Depot  
  46  5:16  SCV, Marine  
  46  5:17  SCV, Siege Tank  
  46  5:36  SCV x2  
  46  5:38  Supply Depot x2  
  48  5:45  Armory  
  48  5:48  SCV x2  
  50  5:51  Terran Infantry Armor Level 1  
  50  5:54  Marauder  
  52  6:00  Barracks, Supply Depot  
  52  6:01  SCV  
  53  6:13  Starport  
  53  6:15  Marauder  
  55  6:23  Supply Depot  
  55  6:24  Siege Tank  
  58  6:36  Marauder  
  60  6:45  Barracks  
  60  6:58  Marauder  
  41  7:19  Marauder  
  43  7:29  Barracks Reactor  
  43  7:31  SCV x2  
  43  7:41  Marauder  
  43  7:43  SCV x2  
  47  7:45  Thor  
  47  7:46  Marine  
  54  8:02  Marauder  
  54  8:04  Marine  
  55  8:11  Marine  
  55  8:12  Marine  
  52  8:22  Marine  
  52  8:23  Marine  
  54  8:28  Thor  
  54  8:29  Marine  
  54  8:30  Marine  
  62  8:35  Stimpack  
  62  8:40  Marine  
  65  8:41  Marauder  
  65  8:44  Command Center  
  65  8:47  Marine x2  
  67  8:51  Barracks  
  67  8:53  Barracks  
  69  9:03  Marauder  
  69  9:05  Marine x2  
  69  9:06  Barracks Reactor  
  73  9:10  Hellion x2  
  75  9:23  Marine x3  
  80  9:31  Hellion  
  80  9:32  Hellion  
  71  9:40  Marine  
  71  9:42  Marauder  
  65  9:48  Marine  
  65  9:49  Marine x3  
  72  9:53  Barracks Reactor, Hellion x2  
  72  9:58  Marine  
  74  10:03  Marauder  
  74  10:06  Marine  
  74  10:07  Marine x3  
  80  10:16  Marine  
  75  10:24  Marine x3  
  75  10:25  Marauder, Marine  
  79  10:34  Marine  
  68  10:43  Marine x5  
  68  10:44  Thor  
  68  10:46  Marauder  
  82  10:52  Marine  
  82  10:57  Barracks Reactor  
  82  11:03  Command Center  
  82  11:07  Marauder  
  78  11:13  Hellion x2  
  78  11:18  Terran Vehicle Weapons Level 1  
  82  11:27  Thor  
  82  11:29  Marauder  
  82  11:30  SCV x2  
  92  11:35  Hellion x2  
  92  11:36  Refinery  
  92  11:39  Refinery  
  96  11:42  SCV x2  
  98  11:48  Medivac  
  100  11:54  SCV  
  101  12:06  Supply Depot x2  
  101  12:14  SCV x2  
  101  12:15  Hellion, Marauder  
  107  12:18  Medivac  
  109  12:26  SCV x2  
  109  12:29  Supply Depot x2  
  86  12:36  Thor  
  69  12:38  SCV x2, Marauder, Marine x8  
  73  12:51  Supply Depot  
  73  12:53  Supply Depot  
  73  12:55  Marine  
  73  12:56  Marine  
  67  12:59  Marauder  
  66  13:15  Supply Depot  
  66  13:16  Supply Depot  
Show
View Real Time Build Order
Export as new Build Order

qqq Zerg 

Build Orders: Hatch First 

Get SALT Encoding   

  12  0:03  Drone  
  13  0:08  Drone  
  14  0:37  Hatchery  
  13  0:52  Extractor, Overlord  
  13  0:53  Drone  
  13  0:54  Drone  
  14  1:10  Spawning Pool  
  14  1:18  Drone  
  14  1:19  Drone  
  15  1:26  Drone  
  16  1:37  Drone  
  17  1:48  Drone  
  17  1:51  Drone  
  19  1:57  Queen  
  21  2:02  Queen  
  23  2:08  Metabolic Boost  
  23  2:12  Zergling x2  
  24  2:19  Overlord  
  24  2:23  Drone  
  24  2:27  Drone  
  24  2:29  Zergling x2  
  27  2:35  Drone  
  28  2:39  Drone  
  28  2:42  Overlord  
  29  2:47  Drone  
  30  2:54  Baneling Nest  
  30  2:56  Drone  
  30  2:59  Drone  
  30  3:00  Zergling x2  
  32  3:12  Lair  
  32  3:17  Roach Warren  
  32  3:19  Drone  
  32  3:21  Drone  
  32  3:24  Drone  
  32  3:26  Drone  
  35  3:28  Zergling x2  
  36  3:41  Overlord  
  36  3:47  Drone, Zergling x4  
  36  3:48  Drone x2  
  41  4:00  Roach  
  43  4:08  Baneling x2  
  43  4:12  Centrifical Hooks  
  43  4:14  Drone x2  
  43  4:15  Drone  
  46  4:17  Extractor  
  46  4:18  Drone x4  
  46  4:20  Extractor  
  48  4:33  Hatchery  
  48  4:36  Roach  
  48  4:37  Zergling x2, Roach  
  52  4:39  Overlord  
  52  4:41  Baneling  
  52  4:49  Baneling  
  52  4:57  Zergling x2, Overlord x2  
  53  5:00  Drone x3  
  53  5:06  Baneling x4  
  56  5:21  Roach x2  
  60  5:22  Drone x2  
  60  5:26  Baneling x4  
  62  5:31  Roach  
  62  5:33  Drone x3  
  67  5:36  Extractor  
  66  5:44  Glial Reconstitution  
  66  5:46  Roach x2  
  66  5:48  Zergling x2  
  66  5:49  Drone x2  
  74  5:50  Drone  
  74  5:55  Evolution Chamber  
  74  5:57  Baneling x3  
  73  5:58  Baneling  
  73  6:00  Drone x2  
  75  6:04  Roach  
  75  6:11  Drone, Roach  
  79  6:12  Roach  
  82  6:22  Spore Crawler  
  82  6:25  Spore Crawler  
  80  6:31  Roach  
  80  6:32  Overlord x5  
  82  6:38  Zerg Melee Weapons Level 1  
  82  6:45  Infestation Pit  
  81  6:50  Queen, Roach  
  81  6:51  Roach x3  
  81  6:52  Drone x3  
  83  7:11  Roach x6  
  83  7:12  Drone, Roach x2  
  92  7:42  Roach x4  
  92  7:43  Drone x3  
  101  8:00  Roach x4  
  101  8:01  Drone  
  92  8:32  Drone x2  
  92  8:33  Zergling x2  
  84  8:34  Zergling x6  
  84  8:36  Hatchery, Roach x3  
  84  8:37  Queen  
  90  8:45  Hatchery  
  90  8:47  Roach x2  
  90  8:48  Drone  
  94  8:55  Zerg Ground Armor Level 1  
  94  8:58  Roach x2  
  94  9:01  Hive  
  98  9:06  Drone x2  
  100  9:12  Roach x2  
  100  9:15  Ravager x9  
  100  9:16  Ravager  
  68  9:40  Roach x7  
  68  9:41  Drone x3, Roach  
  82  9:50  Ravager x4  
  84  9:53  Drone x2  
  83  10:05  Roach x2  
  83  10:06  Roach x2  
  91  10:08  Drone x2  
  91  10:09  Zergling x2  
  94  10:17  Zergling x2  
  94  10:18  Drone  
  94  10:19  Drone  
  97  10:24  Roach x2  
  101  10:29  Drone x2, Zergling x6  
  106  10:48  Roach x4  
  106  10:49  Drone x6  
  120  10:54  Extractor  
  119  10:59  Queen  
  119  11:01  Queen  
  119  11:03  Drone x3, Overlord x2  
  126  11:17  Overlord x3  
  126  11:18  Overlord x3  
  126  11:27  Drone, Zergling x2  
  126  11:28  Drone x2, Zergling x10  
  126  11:29  Zergling x2  
  131  11:42  Zergling x6, Roach  
  131  11:43  Drone x2, Roach x2  
  131  11:44  Drone  
  143  11:58  Ultralisk Cavern  
  143  12:00  Drone x4  
  143  12:01  Drone x2  
  148  12:02  Evolution Chamber  
  148  12:07  Spine Crawler  
  146  12:10  Spine Crawler  
  146  12:13  Spine Crawler  
  144  12:23  Zergling x8  
  144  12:24  Drone, Zergling x4  
  144  12:25  Drone x4  
  144  12:27  Queen  
  144  12:28  Drone  
  138  12:51  Roach x4  
  110  12:52  Drone x5  
  110  12:53  Roach x6  
  110  12:57  Roach  
  117  13:02  Spire  
  91  13:10  Zergling x6  
Tags
 
Add a new tag
Caveats
  • Supply blocks, unpowered buildings, or Contaminate may cause inaccurate times.
  • Supply counts are checked every 10 seconds.